Islanders vs Red Wings
Created - April 13, 2024 at 09:49
Goals
|
| Islanders |
0 |
1 |
1 |
2 |
| Red Wings |
0 |
1 |
3 |
4 |
|
Shots
|
| Islanders |
6 |
9 |
15 |
30 |
| Red Wings |
7 |
15 |
7 |
29 |
|
1st period
No Goal
Penalties :
Brayden McNabb (NyI) for Holding Stick (Minor) at 7:30, Greg Stewart (Det) for Tripping (Minor) at 17:53
2nd period
1. Islanders , Anze Kopitar 15 (Ryan Ellis 61, Brock McGinn 22) at 0:57 (PP)
2. Red Wings , T.J. Hensick 21 (Philip Samuelsson 36, Connor Brown 46) at 3:54 (PP)
Penalties :
Dylan Larkin (Det) for Hooking (Minor) at 0:24, James Livingstone (NyI) for Roughing (Minor) at 3:16, Brayden McNabb (NyI) for Holding (Minor) at 10:17
3rd period
3. Red Wings , Charlie Coyle 27 (Connor Brown 47, Jeff Schultz 17) at 0:33
4. Red Wings , Danton Heinen 17 (Cal Clutterbuck 19, Alex DeBrincat 21) at 1:57
5. Red Wings , Cal Clutterbuck 21 (Danton Heinen 24, Philip Samuelsson 37) at 12:37
6. Islanders , Sergei Plotnikov 7 (Yann Sauvé 24) at 18:32
Penalties :
Jonathan Drouin (Det) for Slashing (Minor) at 18:37
Goalie Stats
Tyler Weiman (NyI), 25 saves from 29 shots - (0.862), L, 27-18-4, 60:00 minutes
Ondrej Pavelec (Det), 28 saves from 30 shots - (0.933), W, 34-16-5, 60:00 minutes
Players Stats for Islanders
Player Name G A P +/- PIM S H SB GA TA FO MP PP MP PK MP
------------------------------------------------------------------------------------
Adam Fox 0 0 0 0 0 0 0 1 1 0 0/0 11:56 0:00 0:00
Anze Kopitar 1 0 1 0 0 3 2 1 1 0 8/13 17:16 1:48 1:26
Brayden McNabb 0 0 0 -2 4 0 0 0 0 0 0/0 17:03 1:27 0:00
Brayden Schenn 0 0 0 -1 0 6 1 0 0 1 15/34 23:05 2:06 3:06
Brock McGinn 0 1 1 0 0 8 2 0 0 0 0/0 17:21 1:48 1:31
Dylan McIlrath 0 0 0 0 0 0 1 0 0 0 0/0 14:35 0:00 1:37
Emerson Etem 0 0 0 -2 0 4 2 0 0 0 0/0 11:58 0:00 0:04
Garnet Hathaway 0 0 0 -2 0 1 2 0 0 0 0/0 11:54 0:00 0:00
James Livingstone 0 0 0 1 2 0 0 0 0 0 1/1 7:40 0:00 0:00
Jason Akeson 0 0 0 0 0 0 1 1 1 0 1/1 15:01 1:48 0:00
Kellan Lain 0 0 0 -1 0 3 2 2 0 0 1/1 23:04 2:06 3:05
Melker Karlsson 0 0 0 1 0 0 1 0 0 0 1/2 7:41 0:00 0:00
Michael Latta 0 0 0 -2 0 1 2 0 0 0 4/6 11:54 0:00 0:00
Nikita Zadorov 0 0 0 -2 0 0 0 1 1 2 0/0 18:55 1:27 1:37
Ryan Ellis 0 1 1 0 0 2 2 1 2 0 0/0 29:09 2:27 2:59
Sergei Plotnikov 1 0 1 1 0 1 1 0 0 0 0/0 7:41 0:00 0:00
Vladimir Tarasenko 0 0 0 -1 0 1 0 1 1 0 1/1 19:59 2:06 0:00
Yann Sauvé 0 1 1 0 0 0 1 1 0 1 0/0 29:09 2:27 2:59
Players Stats for Red Wings
Player Name G A P +/- PIM S H SB GA TA FO MP PP MP PK MP
------------------------------------------------------------------------------------
Alex DeBrincat 0 1 1 1 0 0 1 0 0 0 0/0 17:58 2:16 0:00
Braydon Coburn 0 0 0 1 0 0 0 0 0 2 0/0 16:06 0:00 2:12
Cal Clutterbuck 1 1 2 1 0 4 1 0 0 1 0/1 13:18 0:00 0:59
Carson Mcmillan 0 0 0 0 0 0 2 0 0 0 0/0 9:29 0:00 2:20
Charlie Coyle 1 0 1 1 0 1 0 0 1 0 11/25 17:46 2:20 0:35
Connor Brown 0 2 2 1 0 1 2 1 0 0 0/1 17:58 2:16 0:00
Danton Heinen 1 1 2 1 0 3 1 0 0 0 0/0 15:37 2:36 0:35
Drew Fata 0 0 0 0 0 1 1 0 0 1 0/0 17:19 0:00 1:42
Dylan Larkin 0 0 0 0 2 1 0 1 0 1 5/16 18:32 2:20 0:00
Greg Stewart 0 0 0 0 2 5 1 0 2 0 2/2 16:33 0:00 0:00
Jake Gardiner 0 0 0 0 0 2 0 0 0 1 0/0 18:05 2:00 0:00
Jeff Schultz 0 1 1 1 0 2 2 2 0 0 0/0 26:11 2:00 2:12
Jonathan Drouin 0 0 0 0 2 2 0 0 0 0 4/4 18:32 2:20 0:00
Jussi Jokinen 0 0 0 0 0 1 1 0 0 0 0/0 7:09 0:00 0:00
Mike Richards 0 0 0 0 0 0 0 1 0 1 1/3 8:08 0:00 0:59
Philip Samuelsson 0 2 2 1 0 3 1 2 1 0 0/0 24:00 2:36 0:00
Roland McKeown 0 0 0 1 0 0 2 0 0 0 0/0 15:43 0:00 1:42
T.J. Hensick 1 0 1 1 0 3 0 0 0 0 4/7 17:39 2:16 2:20
3 Stars
1 - Cal Clutterbuck (Det)
2 - Danton Heinen (Det)
3 - Connor Brown (Det)
Power Play
Islanders - 1 on 3 Attempt(s) - 33.33%
Red Wings - 1 on 3 Attempt(s) - 33.33%
Penalty Kill
Islanders - 2 on 3 Attempt(s) - 66.67%
- Score 0 goal in Penalty Kill
Red Wings - 2 on 3 Attempt(s) - 66.67%
- Score 0 goal in Penalty Kill
Team Stat
Islanders - Hits : 20 - Faceoff Wins : 32 - Blocked Shots : 9 - Penalty Minutes : 6
Red Wings - Hits : 15 - Faceoff Wins : 27 - Blocked Shots : 7 - Penalty Minutes : 6
Official
Referees : Tim Peel and Francis Charron
Linesman : Steve Barton and Matt MacPherson
Game Notes
No Game Note
Finance
Level 1 -- Attendance: 6000 (100.00%) -- Ticket Income $600,000
Level 2 -- Attendance: 4947 (98.94%) -- Ticket Income $296,820
Level 3 -- Attendance: 2000 (100.00%) -- Ticket Income $70,000
Level 4 -- Attendance: 4000 (100.00%) -- Ticket Income $100,000
Luxury Box -- Attendance: 911 (91.10%) -- Ticket Income $182,200
Game was played at the Little Caesars arena.
Total Attendance: 17858 (99.21%)
Total Ticket Income: $1,249,020
Other Income: $187,353
Total Income: $1,436,373
Islanders
5 vs 5 Forward
Center Left Wing Right Wing Time % Phy DF OF
1 Brayden Schenn Kellan Lain Vladimir Tarasenko 40 1 2 2
2 Anze Kopitar Brock McGinn Jason Akeson 30 1 2 2
3 Michael Latta Emerson Etem Garnet Hathaway 20 1 2 2
4 Melker Karlsson Sergei Plotnikov James Livingstone 10 1 2 2
5 vs 5 Defense
Defense Defense Time % Phy DF OF
1 Ryan Ellis Yann Sauvé 40 1 2 2
2 Nikita Zadorov Brayden McNabb 30 1 2 2
3 Dylan McIlrath Adam Fox 20 1 2 2
4 Ryan Ellis Yann Sauvé 10 1 2 2
PowerPlay Forward
Center Left Wing Right Wing Time % Phy DF OF
1 Brayden Schenn Kellan Lain Vladimir Tarasenko 60 1 2 2
2 Anze Kopitar Brock McGinn Jason Akeson 40 1 2 2
PowerPlay Defense
Defense Defense Time % Phy DF OF
1 Ryan Ellis Yann Sauvé 60 1 2 2
2 Nikita Zadorov Brayden McNabb 40 1 2 2
Penalty Kill 4 Players Forward
Center Wing Time % Phy DF OF
1 Brayden Schenn Kellan Lain 60 1 2 2
2 Anze Kopitar Brock McGinn 40 1 2 2
Penalty Kill 4 Players Defense
Defense Defense Time % Phy DF OF
1 Ryan Ellis Yann Sauvé 60 1 2 2
2 Nikita Zadorov Brayden McNabb 40 1 2 2
Penalty Kill - 3 Players Forward
Forward Time % Phy DF OF
1 Brayden Schenn 60 1 2 2
2 Anze Kopitar 40 1 2 2
Penalty Kill - 3 Players Defense
Defense Defense Time % Phy DF OF
1 Ryan Ellis Yann Sauvé 60 1 2 2
2 Nikita Zadorov Brayden McNabb 40 1 2 2
4 vs 4 Forward
Center Wing Time % Phy DF OF
1 Brayden Schenn Kellan Lain 60 1 2 2
2 Anze Kopitar Brock McGinn 40 1 2 2
4 vs 4 Defense
Defense Defense Time % Phy DF OF
1 Ryan Ellis Yann Sauvé 60 1 2 2
2 Nikita Zadorov Brayden McNabb 40 1 2 2
Last Minutes Offensive
Center Left Wing Right Wing Defense Defense
Brayden Schenn Kellan Lain Vladimir Tarasenko Ryan Ellis Yann Sauvé
Last Minutes Defensive
Center Left Wing Right Wing Defense Defense
Brayden Schenn Kellan Lain Vladimir Tarasenko Ryan Ellis Yann Sauvé
Goaltenders
Starting : Tyler Weiman
Backup : Joonas Korpisalo
Extra Forwards
Normal : Brock McGinn, Emerson Etem, Michael Latta - PP : Brock McGinn, Emerson Etem - PK : Brock McGinn
Extra Defensemen
Normal : Brayden McNabb, Dylan McIlrath, Adam Fox - PP : Brayden McNabb - PK : Brayden McNabb, Dylan McIlrath
Penalty Shots
Vladimir Tarasenko, Brayden Schenn, Anze Kopitar, Kellan Lain, Brock McGinn
Custom OT Lines Forwards
Vladimir Tarasenko, Brayden Schenn, Anze Kopitar, Kellan Lain, Brock McGinn, Emerson Etem, Michael Latta, Jason Akeson, Melker Karlsson, Garnet Hathaway
Custom OT Lines Defensemen
Ryan Ellis, Yann Sauvé, Nikita Zadorov, Brayden McNabb, Dylan McIlrath
Scratches
Andrew Shaw (Healthy), Ben Johnson (Healthy), Gabriel Carlsson (Healthy), Jason Spezza (Right Foot Injury)
Red Wings
5 vs 5 Forward
Center Left Wing Right Wing Time % Phy DF OF
1 Dylan Larkin Greg Stewart Jonathan Drouin 35 1 2 2
2 Charlie Coyle Alex DeBrincat Connor Brown 35 1 2 2
3 T.J. Hensick Danton Heinen Cal Clutterbuck 20 1 2 2
4 Mike Richards Jussi Jokinen Carson Mcmillan 10 1 2 2
5 vs 5 Defense
Defense Defense Time % Phy DF OF
1 Philip Samuelsson Jeff Schultz 40 1 2 2
2 Jake Gardiner Drew Fata 30 1 2 2
3 Braydon Coburn Roland McKeown 20 1 2 2
4 Braydon Coburn Roland McKeown 10 1 2 2
PowerPlay Forward
Center Left Wing Right Wing Time % Phy DF OF
1 Charlie Coyle Dylan Larkin Jonathan Drouin 60 1 2 2
2 T.J. Hensick Alex DeBrincat Connor Brown 40 1 2 2
PowerPlay Defense
Defense Defense Time % Phy DF OF
1 Philip Samuelsson Danton Heinen 60 1 2 2
2 Jake Gardiner Jeff Schultz 40 1 2 2
Penalty Kill 4 Players Forward
Center Wing Time % Phy DF OF
1 T.J. Hensick Carson Mcmillan 60 1 2 2
2 Mike Richards Cal Clutterbuck 40 1 2 2
Penalty Kill 4 Players Defense
Defense Defense Time % Phy DF OF
1 Braydon Coburn Jeff Schultz 60 1 2 2
2 Roland McKeown Drew Fata 40 1 2 2
Penalty Kill - 3 Players Forward
Forward Time % Phy DF OF
1 Carson Mcmillan 60 1 2 2
2 Cal Clutterbuck 40 1 2 2
Penalty Kill - 3 Players Defense
Defense Defense Time % Phy DF OF
1 Drew Fata Braydon Coburn 60 1 2 2
2 Roland McKeown Jeff Schultz 40 1 2 2
4 vs 4 Forward
Center Wing Time % Phy DF OF
1 Charlie Coyle Connor Brown 60 1 2 2
2 Dylan Larkin Greg Stewart 40 1 2 2
4 vs 4 Defense
Defense Defense Time % Phy DF OF
1 Jake Gardiner Jeff Schultz 60 1 2 2
2 Philip Samuelsson Drew Fata 40 1 2 2
Last Minutes Offensive
Center Left Wing Right Wing Defense Defense
Dylan Larkin Charlie Coyle Jonathan Drouin Philip Samuelsson Connor Brown
Last Minutes Defensive
Center Left Wing Right Wing Defense Defense
Charlie Coyle Cal Clutterbuck Carson Mcmillan Jake Gardiner Jeff Schultz
Goaltenders
Starting : Ondrej Pavelec
Backup : Igor Shesterkin
Extra Forwards
Normal : T.J. Hensick, Cal Clutterbuck, Greg Stewart - PP : T.J. Hensick, Mike Richards - PK : Charlie Coyle
Extra Defensemen
Normal : Roland McKeown, Drew Fata, Braydon Coburn - PP : Braydon Coburn - PK : Jake Gardiner, Philip Samuelsson
Penalty Shots
Dylan Larkin, Connor Brown, Alex DeBrincat, Carson Mcmillan, Mike Richards
Custom OT Lines Forwards
Dylan Larkin, Connor Brown, Charlie Coyle, Greg Stewart, Danton Heinen, Jonathan Drouin, T.J. Hensick, Carson Mcmillan, Alex DeBrincat, Cal Clutterbuck
Custom OT Lines Defensemen
Philip Samuelsson, Jake Gardiner, Jeff Schultz, Roland McKeown, Drew Fata
Scratches
Brendan Woods (Healthy), Colten Teubert (Healthy), Dalton Prout (Healthy), Maxime Macenauer (Healthy)
% Time on Ice - Islanders
Lines # - Real PCT - Wanted PCT - Time Play
Normal Forward
1 - 35% - 40% - 17:53
2 - 27% - 30% - 14:02
3 - 23% - 20% - 11:54
4 - 15% - 10% - 7:41
Normal Defense
1 - 39% - 40% - 20:10
2 - 31% - 30% - 15:51
3 - 23% - 20% - 11:56
4 - 7% - 10% - 3:33
PP Forward
1 - 54% - 60% - 2:06
2 - 46% - 40% - 1:48
PP Defense
1 - 63% - 60% - 2:27
2 - 37% - 40% - 1:27
PK Forward
1 - 77% - 60% - 3:32
2 - 23% - 40% - 1:04
PK Defense
1 - 65% - 60% - 2:59
2 - 35% - 40% - 1:37
PK3 Forward
1 - 0% - 60%
2 - 0% - 40%
PK3 Defense
1 - 0% - 60%
2 - 0% - 40%
44 Forward
1 - 0% - 60%
2 - 0% - 40%
44 Defense
1 - 0% - 60%
2 - 0% - 40%
Last Minute Offensive - 0:00
Last Minute Defensive - 0:00
Total
Forward - 60:00
Defense - 60:00
|
% Time on Ice - Red Wings
Lines # - Real PCT - Wanted PCT - Time Play
Normal Forward
1 - 32% - 35% - 16:20
2 - 30% - 35% - 15:42
3 - 24% - 20% - 12:19
4 - 14% - 10% - 7:09
Normal Defense
1 - 42% - 40% - 21:24
2 - 31% - 30% - 16:12
3 - 19% - 20% - 9:50
4 - 8% - 10% - 4:04
PP Forward
1 - 51% - 60% - 2:20
2 - 49% - 40% - 2:16
PP Defense
1 - 57% - 60% - 2:36
2 - 43% - 40% - 2:00
PK Forward
1 - 75% - 60% - 2:55
2 - 25% - 40% - 0:59
PK Defense
1 - 56% - 60% - 2:12
2 - 44% - 40% - 1:42
PK3 Forward
1 - 0% - 60%
2 - 0% - 40%
PK3 Defense
1 - 0% - 60%
2 - 0% - 40%
44 Forward
1 - 0% - 60%
2 - 0% - 40%
44 Defense
1 - 0% - 60%
2 - 0% - 40%
Last Minute Offensive - 0:00
Last Minute Defensive - 0:00
Total
Forward - 60:00
Defense - 60:00
|
Play-by-Play
1st period
0:01 of 1st period - Brayden Schenn wins face-off versus Dylan Larkin in neutral zone.
0:26 of 1st period - Yann Sauvé is hit by Philip Samuelsson and loses puck.
0:47 of 1st period - Snap shot by Ryan Ellis.
0:47 of 1st period - Shot Misses the Net.
2:00 of 1st period - Slapshot by Connor Brown.
2:00 of 1st period - Shot Blocked by Anze Kopitar.
2:12 of 1st period - Snap shot by T.J. Hensick.
2:12 of 1st period - Shot Misses the Net.
2:14 of 1st period - Slapshot by Philip Samuelsson.
2:14 of 1st period - Stopped by Tyler Weiman without a rebound.
2:15 of 1st period - Brayden Schenn wins face-off versus Cal Clutterbuck in Islanders zone.
2:32 of 1st period - Philip Samuelsson is hit by Brayden Schenn and loses puck.
3:29 of 1st period - Slapshot by Kellan Lain.
3:29 of 1st period - Stopped by Ondrej Pavelec without a rebound.
3:30 of 1st period - Michael Latta wins face-off versus Charlie Coyle in Red Wings zone.
3:33 of 1st period - Backhand shot by Emerson Etem.
3:33 of 1st period - Stopped by Ondrej Pavelec with a rebound.
3:52 of 1st period - Icing by Connor Brown.
3:53 of 1st period - Anze Kopitar wins face-off versus Charlie Coyle in Red Wings zone.
4:05 of 1st period - Adam Fox is hit by Connor Brown and loses puck.
4:10 of 1st period - Snap shot by Connor Brown.
4:10 of 1st period - Shot Misses the Net.
4:12 of 1st period - Snap shot by Philip Samuelsson.
4:12 of 1st period - Shot Blocked by Adam Fox.
4:14 of 1st period - Slapshot by Philip Samuelsson.
4:14 of 1st period - Stopped by Tyler Weiman without a rebound.
4:15 of 1st period - Michael Latta wins face-off versus Dylan Larkin in Islanders zone.
4:29 of 1st period - Slapshot by Emerson Etem.
4:29 of 1st period - Shot Misses the Net.
5:06 of 1st period - Snap shot by Melker Karlsson.
5:06 of 1st period - Shot Hit the Post.
5:49 of 1st period - Snap shot by Danton Heinen.
5:49 of 1st period - Stopped by Tyler Weiman with a rebound.
5:51 of 1st period - Slapshot by Jeff Schultz.
5:51 of 1st period - Stopped by Tyler Weiman with a rebound.
6:11 of 1st period - Off-side.
6:12 of 1st period - Brayden Schenn wins face-off versus Dylan Larkin in neutral zone.
6:39 of 1st period - Dylan McIlrath is hit by Connor Brown and loses puck.
7:14 of 1st period - Wrist shot by Cal Clutterbuck.
7:14 of 1st period - Stopped by Tyler Weiman with a rebound.
7:20 of 1st period - T.J. Hensick is hit by Garnet Hathaway and loses puck.
7:30 of 1st period - Minor Penalty to Brayden McNabb for Holding Stick.
7:31 of 1st period - Charlie Coyle wins face-off versus Brayden Schenn in Islanders zone.
7:39 of 1st period - Snap shot by Charlie Coyle.
7:39 of 1st period - Shot Blocked by Kellan Lain.
8:33 of 1st period - Off-side.
8:34 of 1st period - Charlie Coyle wins face-off versus Anze Kopitar in neutral zone.
8:48 of 1st period - Snap shot by Dylan Larkin.
8:48 of 1st period - Deflect By Yann Sauvé.
8:48 of 1st period - Shot Misses the Net.
8:48 of 1st period - Puck is out of play.
8:49 of 1st period - Charlie Coyle wins face-off versus Brayden Schenn in Islanders zone.
9:15 of 1st period - Kellan Lain is hit by Jeff Schultz and loses puck.
9:30 of 1st period - Penalty to Brayden McNabb is over, Brayden McNabb is back on ice.
9:38 of 1st period - Wrist shot by Brock McGinn.
9:38 of 1st period - Shot Blocked by Jeff Schultz.
9:44 of 1st period - Backhand shot by Brock McGinn.
9:44 of 1st period - Stopped by Ondrej Pavelec with a rebound.
9:46 of 1st period - Wrist shot by Anze Kopitar.
9:46 of 1st period - Stopped by Ondrej Pavelec with a rebound.
10:16 of 1st period - Snap shot by Anze Kopitar.
10:16 of 1st period - Shot Misses the Net.
10:18 of 1st period - Slapshot by Brock McGinn.
10:18 of 1st period - Stopped by Ondrej Pavelec without a rebound.
10:19 of 1st period - Greg Stewart wins face-off versus Brayden Schenn in Red Wings zone.
10:30 of 1st period - Backhand shot by Jonathan Drouin.
10:30 of 1st period - Shot Misses the Net.
12:03 of 1st period - Carson Mcmillan is hit by Anze Kopitar and loses puck.
12:10 of 1st period - Slapshot by Brock McGinn.
12:10 of 1st period - Shot Blocked by Mike Richards.
12:59 of 1st period - Charlie Coyle is hit by Brock McGinn and loses puck.
13:22 of 1st period - Yann Sauvé is hit by Jussi Jokinen and loses puck.
14:13 of 1st period - Icing by Jason Akeson.
14:14 of 1st period - Anze Kopitar wins face-off versus Charlie Coyle in Islanders zone.
15:39 of 1st period - Snap shot by Connor Brown.
15:39 of 1st period - Stopped by Tyler Weiman without a rebound.
15:40 of 1st period - Charlie Coyle wins face-off versus Melker Karlsson in Islanders zone.
16:06 of 1st period - Vladimir Tarasenko is hit by Drew Fata and loses puck.
16:19 of 1st period - Wrist shot by Jonathan Drouin.
16:19 of 1st period - Deflect By Greg Stewart.
16:19 of 1st period - Stopped by Tyler Weiman without a rebound.
16:20 of 1st period - Anze Kopitar wins face-off versus Dylan Larkin in Islanders zone.
16:31 of 1st period - Snap shot by Brock McGinn.
16:31 of 1st period - Shot Misses the Net.
16:45 of 1st period - Wrist shot by Brayden Schenn.
16:45 of 1st period - Stopped by Ondrej Pavelec without a rebound.
16:46 of 1st period - Brayden Schenn wins face-off versus Charlie Coyle in Red Wings zone.
17:29 of 1st period - Wrist shot by Charlie Coyle.
17:29 of 1st period - Shot Misses the Net.
17:31 of 1st period - Slapshot by Philip Samuelsson.
17:31 of 1st period - Deflect By Connor Brown.
17:31 of 1st period - Shot Misses the Net.
17:31 of 1st period - Puck is out of play.
17:32 of 1st period - Anze Kopitar wins face-off versus Dylan Larkin in Islanders zone.
17:53 of 1st period - Minor Penalty to Greg Stewart for Tripping.
17:54 of 1st period - T.J. Hensick wins face-off versus Brayden Schenn in Red Wings zone.
18:21 of 1st period - Carson Mcmillan is hit by Brock McGinn and loses puck.
19:53 of 1st period - Penalty to Greg Stewart is over, Greg Stewart is back on ice.
19:54 of 1st period - Drew Fata is hit by Ryan Ellis and loses puck.
Goals for this period are 0 for Islanders vs 0 for Red Wings.
Shots for this period are 6 for Islanders vs 7 for Red Wings.
2nd period
0:01 of 2nd period - Jonathan Drouin wins face-off versus Brayden Schenn in neutral zone.
0:10 of 2nd period - Snap shot by Dylan Larkin.
0:10 of 2nd period - Stopped by Tyler Weiman with a rebound.
0:24 of 2nd period - Minor Penalty to Dylan Larkin for Hooking.
0:25 of 2nd period - T.J. Hensick wins face-off versus Brayden Schenn in Red Wings zone.
0:25 of 2nd period - T.J. Hensick is hit by Kellan Lain.
0:41 of 2nd period - Snap shot by Brayden Schenn.
0:41 of 2nd period - Stopped by Ondrej Pavelec with a rebound.
0:57 of 2nd period - Wrist shot by Anze Kopitar.
0:57 of 2nd period - Goal by Anze Kopitar - Islanders : 1 - Red Wings : 0.
0:58 of 2nd period - Dylan Larkin wins face-off versus Brayden Schenn in neutral zone.
1:04 of 2nd period - Off-side.
1:05 of 2nd period - Greg Stewart wins face-off versus Brayden Schenn in neutral zone.
1:16 of 2nd period - Wrist shot by Kellan Lain.
1:16 of 2nd period - Deflect By Brayden Schenn.
1:16 of 2nd period - Stopped by Ondrej Pavelec without a rebound.
1:17 of 2nd period - Dylan Larkin wins face-off versus Brayden Schenn in Red Wings zone.
1:27 of 2nd period - Icing by Yann Sauvé.
1:28 of 2nd period - Jonathan Drouin wins face-off versus Brayden Schenn in Islanders zone.
1:31 of 2nd period - Wrist shot by Jonathan Drouin.
1:31 of 2nd period - Stopped by Tyler Weiman without a rebound.
1:32 of 2nd period - Brayden Schenn wins face-off versus Dylan Larkin in Islanders zone.
1:58 of 2nd period - Icing by Connor Brown.
1:59 of 2nd period - Jason Akeson wins face-off versus Charlie Coyle in Red Wings zone.
2:04 of 2nd period - Wrist shot by Brock McGinn.
2:04 of 2nd period - Stopped by Ondrej Pavelec without a rebound.
2:05 of 2nd period - Brayden Schenn wins face-off versus Charlie Coyle in Red Wings zone.
2:56 of 2nd period - Cal Clutterbuck is hit by Emerson Etem and loses puck.
3:16 of 2nd period - Minor Penalty to James Livingstone for Roughing.
3:17 of 2nd period - Charlie Coyle wins face-off versus Brayden Schenn in Islanders zone.
3:45 of 2nd period - Kellan Lain is hit by Alex DeBrincat and loses puck.
3:52 of 2nd period - Slapshot by Philip Samuelsson.
3:52 of 2nd period - Shot Blocked by Kellan Lain.
3:54 of 2nd period - Snap shot by T.J. Hensick.
3:54 of 2nd period - Goal by T.J. Hensick - Islanders : 1 - Red Wings : 1.
3:55 of 2nd period - Anze Kopitar wins face-off versus Charlie Coyle in neutral zone.
4:00 of 2nd period - Slapshot by Brock McGinn.
4:00 of 2nd period - Shot Blocked by Connor Brown.
4:03 of 2nd period - Icing by Philip Samuelsson.
4:04 of 2nd period - Charlie Coyle wins face-off versus Anze Kopitar in Red Wings zone.
4:09 of 2nd period - Slapshot by Philip Samuelsson.
4:09 of 2nd period - Shot Misses the Net.
4:25 of 2nd period - Slapshot by Charlie Coyle.
4:25 of 2nd period - Shot Blocked by Jason Akeson.
4:27 of 2nd period - Snap shot by Alex DeBrincat.
4:27 of 2nd period - Shot Blocked by Ryan Ellis.
5:03 of 2nd period - Wrist shot by Brock McGinn.
5:03 of 2nd period - Stopped by Ondrej Pavelec with a rebound.
5:09 of 2nd period - Snap shot by Brock McGinn.
5:09 of 2nd period - Stopped by Ondrej Pavelec without a rebound.
5:10 of 2nd period - Dylan Larkin wins face-off versus Brayden Schenn in Red Wings zone.
5:23 of 2nd period - Wrist shot by Greg Stewart.
5:23 of 2nd period - Shot Blocked by Nikita Zadorov.
5:25 of 2nd period - Slapshot by Drew Fata.
5:25 of 2nd period - Stopped by Tyler Weiman without a rebound.
5:26 of 2nd period - T.J. Hensick wins face-off versus Michael Latta in Islanders zone.
5:33 of 2nd period - Wrist shot by T.J. Hensick.
5:33 of 2nd period - Stopped by Tyler Weiman without a rebound.
5:34 of 2nd period - T.J. Hensick wins face-off versus Michael Latta in Islanders zone.
6:34 of 2nd period - Slapshot by Jake Gardiner.
6:34 of 2nd period - Stopped by Tyler Weiman with a rebound.
7:06 of 2nd period - Snap shot by Danton Heinen.
7:06 of 2nd period - Stopped by Tyler Weiman with a rebound.
7:44 of 2nd period - Wrist shot by Michael Latta.
7:44 of 2nd period - Deflect By Garnet Hathaway.
7:44 of 2nd period - Shot Misses the Net.
7:44 of 2nd period - Puck is out of play.
7:45 of 2nd period - Brayden Schenn wins face-off versus Dylan Larkin in Red Wings zone.
7:58 of 2nd period - Snap shot by Greg Stewart.
7:58 of 2nd period - Stopped by Tyler Weiman with a rebound.
8:00 of 2nd period - Wrist shot by Greg Stewart.
8:00 of 2nd period - Shot Misses the Net.
8:02 of 2nd period - Snap shot by Greg Stewart.
8:02 of 2nd period - Stopped by Tyler Weiman with a rebound.
8:34 of 2nd period - Jeff Schultz is hit by Melker Karlsson and loses puck.
9:03 of 2nd period - Snap shot by Carson Mcmillan.
9:03 of 2nd period - Shot Misses the Net.
9:05 of 2nd period - Slapshot by Philip Samuelsson.
9:05 of 2nd period - Shot Misses the Net.
9:09 of 2nd period - Snap shot by Philip Samuelsson.
9:09 of 2nd period - Shot Blocked by Vladimir Tarasenko.
9:23 of 2nd period - Greg Stewart is hit by Anze Kopitar and loses puck.
9:27 of 2nd period - Icing by Dylan Larkin.
9:28 of 2nd period - James Livingstone wins face-off versus Dylan Larkin in Red Wings zone.
9:29 of 2nd period - Slapshot by Ryan Ellis.
9:29 of 2nd period - Stopped by Ondrej Pavelec with a rebound.
9:45 of 2nd period - Wrist shot by Dylan Larkin.
9:45 of 2nd period - Shot Misses the Net.
9:47 of 2nd period - Slapshot by Jonathan Drouin.
9:47 of 2nd period - Shot Misses the Net.
9:51 of 2nd period - Snap shot by Dylan Larkin.
9:51 of 2nd period - Shot Misses the Net.
9:53 of 2nd period - Snap shot by Greg Stewart.
9:53 of 2nd period - Stopped by Tyler Weiman with a rebound.
10:11 of 2nd period - Snap shot by Greg Stewart.
10:11 of 2nd period - Stopped by Tyler Weiman without a rebound.
10:12 of 2nd period - Charlie Coyle wins face-off versus Brayden Schenn in Islanders zone.
10:15 of 2nd period - Snap shot by Jake Gardiner.
10:15 of 2nd period - Stopped by Tyler Weiman with a rebound.
10:17 of 2nd period - Minor Penalty to Brayden McNabb for Holding.
10:18 of 2nd period - Brayden Schenn wins face-off versus Charlie Coyle in Islanders zone.
10:27 of 2nd period - Brayden Schenn is hit by Danton Heinen.
11:14 of 2nd period - Icing by T.J. Hensick.
11:15 of 2nd period - Brayden Schenn wins face-off versus T.J. Hensick in Red Wings zone.
12:17 of 2nd period - Penalty to Brayden McNabb is over, Brayden McNabb is back on ice.
12:35 of 2nd period - Garnet Hathaway is hit by Carson Mcmillan and loses puck.
12:44 of 2nd period - Mike Richards is hit by Ryan Ellis and loses puck.
13:09 of 2nd period - Wrist shot by Cal Clutterbuck.
13:09 of 2nd period - Shot Misses the Net.
13:36 of 2nd period - Slapshot by Vladimir Tarasenko.
13:36 of 2nd period - Shot Misses the Net.
14:58 of 2nd period - Wrist shot by Anze Kopitar.
14:58 of 2nd period - Stopped by Ondrej Pavelec with a rebound.
15:00 of 2nd period - Slapshot by Jason Akeson.
15:00 of 2nd period - Shot Misses the Net.
15:18 of 2nd period - Snap shot by Jussi Jokinen.
15:18 of 2nd period - Stopped by Tyler Weiman without a rebound.
15:19 of 2nd period - Brayden Schenn wins face-off versus Mike Richards in Islanders zone.
15:42 of 2nd period - Icing by Yann Sauvé.
15:43 of 2nd period - Brayden Schenn wins face-off versus Dylan Larkin in Islanders zone.
15:43 of 2nd period - Brayden Schenn is hit by Greg Stewart.
16:26 of 2nd period - Snap shot by Jake Gardiner.
16:26 of 2nd period - Deflect By Dylan Larkin.
16:26 of 2nd period - Shot Misses the Net.
16:26 of 2nd period - Puck is out of play.
16:27 of 2nd period - Charlie Coyle wins face-off versus Anze Kopitar in Islanders zone.
17:40 of 2nd period - Icing by Roland McKeown.
17:41 of 2nd period - Jonathan Drouin wins face-off versus Anze Kopitar in Red Wings zone.
17:58 of 2nd period - Slapshot by Jonathan Drouin.
17:58 of 2nd period - Stopped by Tyler Weiman without a rebound.
17:59 of 2nd period - Brayden Schenn wins face-off versus Charlie Coyle in Islanders zone.
18:10 of 2nd period - Slapshot by Ryan Ellis.
18:10 of 2nd period - Shot Misses the Net.
18:12 of 2nd period - Wrist shot by Brayden Schenn.
18:12 of 2nd period - Shot Blocked by Philip Samuelsson.
18:49 of 2nd period - Icing by Yann Sauvé.
18:50 of 2nd period - Michael Latta wins face-off versus T.J. Hensick in Islanders zone.
18:57 of 2nd period - Snap shot by Emerson Etem.
18:57 of 2nd period - Stopped by Ondrej Pavelec with a rebound.
19:27 of 2nd period - Snap shot by Danton Heinen.
19:27 of 2nd period - Shot Misses the Net.
19:29 of 2nd period - Slapshot by T.J. Hensick.
19:29 of 2nd period - Stopped by Tyler Weiman without a rebound.
19:30 of 2nd period - Charlie Coyle wins face-off versus Brayden Schenn in Islanders zone.
Goals for this period are 1 for Islanders vs 1 for Red Wings.
Shots for this period are 9 for Islanders vs 15 for Red Wings.
3rd period
0:01 of 3rd period - Kellan Lain wins face-off versus Charlie Coyle in neutral zone.
0:03 of 3rd period - Off-side.
0:04 of 3rd period - Charlie Coyle wins face-off versus Brayden Schenn in neutral zone.
0:15 of 3rd period - Snap shot by Connor Brown.
0:15 of 3rd period - Shot Misses the Net.
0:33 of 3rd period - Snap shot by Charlie Coyle.
0:33 of 3rd period - Goal by Charlie Coyle - Islanders : 1 - Red Wings : 2.
0:34 of 3rd period - Brayden Schenn wins face-off versus Dylan Larkin in neutral zone.
0:41 of 3rd period - Wrist shot by Brayden Schenn.
0:41 of 3rd period - Stopped by Ondrej Pavelec without a rebound.
0:42 of 3rd period - Dylan Larkin wins face-off versus Brayden Schenn in Red Wings zone.
0:42 of 3rd period - Dylan Larkin is hit by Kellan Lain.
0:48 of 3rd period - Slapshot by Jeff Schultz.
0:48 of 3rd period - Shot Blocked by Yann Sauvé.
1:16 of 3rd period - Slapshot by Vladimir Tarasenko.
1:16 of 3rd period - Shot Blocked by Philip Samuelsson.
1:18 of 3rd period - Slapshot by Yann Sauvé.
1:18 of 3rd period - Shot Misses the Net.
1:22 of 3rd period - Slapshot by Vladimir Tarasenko.
1:22 of 3rd period - Stopped by Ondrej Pavelec with a rebound.
1:24 of 3rd period - Slapshot by Brayden Schenn.
1:24 of 3rd period - Stopped by Ondrej Pavelec without a rebound.
1:25 of 3rd period - Anze Kopitar wins face-off versus Charlie Coyle in Red Wings zone.
1:28 of 3rd period - Wrist shot by Brock McGinn.
1:28 of 3rd period - Shot Misses the Net.
1:40 of 3rd period - Nikita Zadorov is hit by Roland McKeown and loses puck.
1:57 of 3rd period - Snap shot by Danton Heinen.
1:57 of 3rd period - Goal by Danton Heinen - Islanders : 1 - Red Wings : 3.
1:58 of 3rd period - Dylan Larkin wins face-off versus Brayden Schenn in neutral zone.
2:07 of 3rd period - Snap shot by Ryan Ellis.
2:07 of 3rd period - Stopped by Ondrej Pavelec without a rebound.
2:08 of 3rd period - Jonathan Drouin wins face-off versus Brayden Schenn in Red Wings zone.
2:08 of 3rd period - Jonathan Drouin is hit by Yann Sauvé.
2:16 of 3rd period - Snap shot by Vladimir Tarasenko.
2:16 of 3rd period - Shot Misses the Net.
3:25 of 3rd period - Backhand shot by Vladimir Tarasenko.
3:25 of 3rd period - Shot Blocked by Jeff Schultz.
3:27 of 3rd period - Snap shot by Vladimir Tarasenko.
3:27 of 3rd period - Shot Blocked by Dylan Larkin.
3:49 of 3rd period - Snap shot by Brayden Schenn.
3:49 of 3rd period - Stopped by Ondrej Pavelec with a rebound.
3:51 of 3rd period - Slapshot by Kellan Lain.
3:51 of 3rd period - Stopped by Ondrej Pavelec with a rebound.
3:53 of 3rd period - Snap shot by Kellan Lain.
3:53 of 3rd period - Stopped by Ondrej Pavelec without a rebound.
3:54 of 3rd period - Anze Kopitar wins face-off versus Charlie Coyle in Red Wings zone.
4:25 of 3rd period - Nikita Zadorov is hit by Cal Clutterbuck and loses puck.
4:32 of 3rd period - Roland McKeown is hit by Michael Latta and loses puck.
4:50 of 3rd period - Slapshot by Melker Karlsson.
4:50 of 3rd period - Shot Misses the Net.
5:19 of 3rd period - Wrist shot by Cal Clutterbuck.
5:19 of 3rd period - Shot Misses the Net.
6:04 of 3rd period - Charlie Coyle is hit by Garnet Hathaway and loses puck.
6:09 of 3rd period - Wrist shot by Michael Latta.
6:09 of 3rd period - Stopped by Ondrej Pavelec with a rebound.
6:11 of 3rd period - Snap shot by Emerson Etem.
6:11 of 3rd period - Shot Misses the Net.
6:35 of 3rd period - Braydon Coburn is hit by Michael Latta.
6:53 of 3rd period - Slapshot by Ryan Ellis.
6:53 of 3rd period - Deflect By Emerson Etem.
6:53 of 3rd period - Stopped by Ondrej Pavelec with a rebound.
6:55 of 3rd period - Snap shot by Garnet Hathaway.
6:55 of 3rd period - Stopped by Ondrej Pavelec without a rebound.
6:56 of 3rd period - Mike Richards wins face-off versus Anze Kopitar in Red Wings zone.
7:02 of 3rd period - Icing by Brock McGinn.
7:03 of 3rd period - Anze Kopitar wins face-off versus Mike Richards in Islanders zone.
7:55 of 3rd period - Snap shot by Philip Samuelsson.
7:55 of 3rd period - Stopped by Tyler Weiman with a rebound.
7:57 of 3rd period - Snap shot by Cal Clutterbuck.
7:57 of 3rd period - Shot Misses the Net.
8:01 of 3rd period - Slapshot by Cal Clutterbuck.
8:01 of 3rd period - Stopped by Tyler Weiman with a rebound.
8:03 of 3rd period - Slapshot by Philip Samuelsson.
8:03 of 3rd period - Shot Hit the Post.
8:05 of 3rd period - Slapshot by Jeff Schultz.
8:05 of 3rd period - Stopped by Tyler Weiman with a rebound.
8:17 of 3rd period - Jake Gardiner is hit by Jason Akeson and loses puck.
8:28 of 3rd period - Snap shot by Brock McGinn.
8:28 of 3rd period - Stopped by Ondrej Pavelec with a rebound.
9:16 of 3rd period - Off-side.
9:17 of 3rd period - Melker Karlsson wins face-off versus Connor Brown in neutral zone.
10:04 of 3rd period - Brayden McNabb is hit by Carson Mcmillan and loses puck.
10:14 of 3rd period - Nikita Zadorov is hit by Roland McKeown and loses puck.
11:36 of 3rd period - Snap shot by Brock McGinn.
11:36 of 3rd period - Stopped by Ondrej Pavelec without a rebound.
11:37 of 3rd period - Charlie Coyle wins face-off versus Brayden Schenn in Red Wings zone.
11:48 of 3rd period - Wrist shot by Connor Brown.
11:48 of 3rd period - Shot Misses the Net.
12:29 of 3rd period - Garnet Hathaway is hit by Jeff Schultz.
12:37 of 3rd period - Slapshot by Cal Clutterbuck.
12:37 of 3rd period - Goal by Cal Clutterbuck - Islanders : 1 - Red Wings : 4.
12:38 of 3rd period - Brayden Schenn wins face-off versus Charlie Coyle in neutral zone.
13:34 of 3rd period - Slapshot by Michael Latta.
13:34 of 3rd period - Shot Misses the Net.
13:55 of 3rd period - Backhand shot by Philip Samuelsson.
13:55 of 3rd period - Shot Misses the Net.
14:17 of 3rd period - Philip Samuelsson is hit by Dylan McIlrath and loses puck.
14:51 of 3rd period - Snap shot by Cal Clutterbuck.
14:51 of 3rd period - Stopped by Tyler Weiman with a rebound.
15:01 of 3rd period - T.J. Hensick is hit by Emerson Etem and loses puck.
16:52 of 3rd period - Wrist shot by Charlie Coyle.
16:52 of 3rd period - Shot Misses the Net.
17:38 of 3rd period - Snap shot by Brock McGinn.
17:38 of 3rd period - Stopped by Ondrej Pavelec without a rebound.
17:39 of 3rd period - Michael Latta wins face-off versus Charlie Coyle in Red Wings zone.
17:40 of 3rd period - Snap shot by Emerson Etem.
17:40 of 3rd period - Stopped by Ondrej Pavelec with a rebound.
18:25 of 3rd period - Danton Heinen is hit by Sergei Plotnikov and loses puck.
18:32 of 3rd period - Snap shot by Sergei Plotnikov.
18:32 of 3rd period - Goal by Sergei Plotnikov - Islanders : 2 - Red Wings : 4.
18:33 of 3rd period - Brayden Schenn wins face-off versus Dylan Larkin in neutral zone.
18:37 of 3rd period - Minor Penalty to Jonathan Drouin for Slashing.
18:38 of 3rd period - Vladimir Tarasenko wins face-off versus T.J. Hensick in Red Wings zone.
18:54 of 3rd period - Wrist shot by Brayden Schenn.
18:54 of 3rd period - Shot Misses the Net.
Goals for this period are 1 for Islanders vs 3 for Red Wings.
Shots for this period are 15 for Islanders vs 7 for Red Wings.
Output by the SimonT Hockey Simulator (STHS) for Francois Prevost